 Dungeon Crawl Stone Soup version 0.31-a0-18-gea43df2a32 (webtiles) character file.

Game seed: 10077747610870425134

1532 Dittersdorf the Covered (level 8, -1/52 HPs)
             Began as a Gargoyle Fighter on May 10, 2023.
             Slain by Duvessa
             ... wielding a +0 short sword
              (11 damage)
             ... on level 5 of the Dungeon.
             The game lasted 00:07:10 (5555 turns).

Dittersdorf the Covered (Gargoyle Fighter)          Turns: 5555, Time: 00:07:10

Health: -1/52      AC: 17    Str: 22    XL:     8   Next: 85%
Magic:  8/8        EV: 10    Int:  9    God:
Gold:   1074       SH:  9    Dex:  9    Spells: 7/7 levels left

rFire   + . .        r - +0 morningstar
rCold   . . .        f - +0 kite shield
rNeg    + . .        c - +2 leather armour "Iriefruv" {rF+}
rPois   ∞            x - +0 helmet
rElec   +            t - +0 cloak
rCorr   .            q - +2 pair of gloves
SInv    .            (no boots)
Will    +....        (no amulet)
Stlth   +            k - ring of willpower
HPRegen 0.28/turn    (no ring)
MPRegen 0.11/turn

%: no passive effects
@: no status effects
A: sickness immunity, AC +5, negative energy resistance 1, electricity
resistance, torment resistance 1, petrification resistance
a: no special abilities


You were on level 5 of the Dungeon.
You visited 1 branch of the dungeon, and saw 5 of its levels.

You collected 1126 gold pieces.
You spent 52 gold pieces at shops.

Inventory:

Hand Weapons
 r - a +0 morningstar (weapon)
Missiles
 j - 13 poisoned darts (quivered)
Armour
 c - the +2 leather armour "Iriefruv" (worn) {rF+}
   (You found it on level 4 of the Dungeon)

   rF:        It protects you from fire.
 f - a +0 kite shield (worn)
 h - a +0 helmet
 q - a +2 pair of gloves (worn)
 t - a +0 cloak (worn)
 x - a +0 helmet (worn)
Jewellery
 k - a ring of willpower (left hand)
Wands
 o - a wand of digging (5)
Scrolls
 e - 2 scrolls of teleportation
 g - 2 scrolls of poison
 n - 3 scrolls of fear
 w - a scroll of fog
Potions
 a - 2 potions of brilliance
 b - a potion of heal wounds {unknown}
 d - 2 potions of might
 i - a potion of magic {unknown}
 l - 3 potions of flight {unknown}
 m - a potion of mutation {unknown}
 p - a potion of cancellation {unknown}
 s - a potion of attraction {unknown}
 u - a potion of degeneration {unknown}
 v - 2 potions of curing {unknown}
 z - a potion of berserk rage {unknown}


   Skills:
 + Level 6.7 Fighting
 + Level 5.6 Maces & Flails
 + Level 6.7 Armour
 + Level 6.7 Shields


You had 7 spell levels left.
You didn't know any spells.
Your spell library contained the following spells:

 Spells                   Type           Power      Damage    Failure   Level
 Hailstorm                Conj/Ice       0%         3d3       96%         3
 Ice Form                 Ice/Tmut       0%         N/A       100%        4
 Simulacrum               Ice/Necr       0%         N/A       100%        6


Dungeon Overview and Level Annotations

Branches:
Dungeon (5/15)
 Temple: D:4-7

Altars:
Sif Muna
Yredelemnul

Shops:
D:2 (

Annotations:
D:5 Duvessa


Innate Abilities, Weirdness & Mutations

You are immune to sickness and miasma.
Your stone body is resilient. (AC +5)
You are immune to poison.
You resist negative energy. (rN+)
You are resistant to electric shocks. (rElec)
You are resistant to unholy torment.
You are immune to petrification.


Message History

You resist.
You puncture Dowan!
You kill Dowan!
You hear a distant scream of rage.
Duvessa goes berserk!
You block Duvessa's attack.
Things that are here:
a +0 dagger; a +1 robe of willpower; a grey potion You barely miss Duvessa.
Duvessa hits you with a +0 short sword! x2
You hit Duvessa but do no damage. Duvessa hits you with a +0 short sword.
Duvessa hits you but does no damage.
You hit Duvessa.
Duvessa is lightly wounded.
You block Duvessa's attack. Duvessa hits you with a +0 short sword.
You barely miss Duvessa.
Duvessa is lightly wounded.
Duvessa hits you with a +0 short sword! Duvessa hits you but does no damage.
You barely miss Duvessa.
Duvessa is lightly wounded.
Duvessa hits you but does no damage. Duvessa hits you with a +0 short sword!
* * * LOW HITPOINT WARNING * * *
Duvessa attacks as you move away! Duvessa barely misses you.
You block Duvessa's attack. Duvessa attacks as you move away!
You block Duvessa's attack. Duvessa closely misses you.
Duvessa attacks as you move away! Duvessa hits you with a +0 short sword.
* * * LOW HITPOINT WARNING * * *
Duvessa rages.
You block Duvessa's attack. Duvessa hits you but does no damage.
Duvessa attacks as you move away! Duvessa hits you but does no damage.
You block Duvessa's attack. Duvessa attacks as you move away!
Duvessa closely misses you. Duvessa hits you but does no damage.
Duvessa attacks as you move away! You block Duvessa's attack.
Duvessa hits you with a +0 short sword.
* * * LOW HITPOINT WARNING * * *
Duvessa rages.
Duvessa attacks as you move away! Duvessa barely misses you.
Duvessa hits you with a +0 short sword!
You die...

#.#.#...#######..##### #.# #.
##.#.#..##...###.>....####.#####.
#.................###......<.....
#...)..###...###..# ######.#####.
.....### ##.## #..# #># #. ..#.<#
#.####..# #.# ##
..#..######.#.....########.#
..#..#......#.........>....#
..##.#.#######..@###########
..##.#.#.....##.e#####
..##.#.#.............#
..####.#.....#...###.# ..#
#.#.....#.#.# #.######## †.#
#.#......#.## #......... ..##
#.#.#..###.####<.#.#.#.# ...#
#.#..#...#.#............ .#.#
#.#.##.#.#.#.#...#.#.#.#


You could see Duvessa (berserk).

Vanquished Creatures
  Sigmund (D:2)
  Menkaure (D:4)
  A water moccasin (D:5)
  A black bear (D:4)
  2 ogres (D:5)
  A centaur (D:5)
  A phantom (D:5)
  A bullfrog (D:5)
  2 scorpions
  Dowan (D:5)
  A jelly (D:4)
  4 orc priests
  Crazy Yiuf (D:4)
  An orc wizard (D:4)
  2 iguanas
  Natasha (thrice) (D:4)
  Robin (D:4)
  A gnoll (D:1)
  7 adders
  2 dart slugs
  5 orcs
  2 ball pythons (D:1)
  6 bats
  5 endoplasms
  3 giant cockroaches
  11 goblins
  13 hobgoblins
  6 kobolds
  4 quokkas
  2 frilled lizards
  3 rats
95 creatures vanquished.

Notes
Turn   | Place    | Note
-------+----------+-------------------------------------------
     0 | D:1      | Dittersdorf the Gargoyle Fighter began the quest for the
                  | Orb.
     0 | D:1      | Reached XP level 1. HP: 14/14 MP: 1/1
   156 | D:1      | Reached XP level 2. HP: 19/19 MP: 2/2
   490 | D:1      | Reached XP level 3. HP: 23/23 MP: 3/3
   746 | D:2      | Noticed Sigmund
   754 | D:2      | Killed Sigmund
   755 | D:2      | Reached XP level 4. HP: 22/30 MP: 4/4
   755 | D:2      | Reached XP level 5. HP: 25/34 MP: 5/5
   850 | D:2      | Reached XP level 6. HP: 37/39 MP: 6/6
  1358 | D:2      | Found Dear's Weapon Shop.
  1366 | D:2      | Bought a +0 morningstar for 52 gold pieces
  1441 | D:3      | Found a basalt altar of Yredelemnul.
  2541 | D:4      | Noticed Menkaure
  2548 | D:4      | Killed Menkaure
  2549 | D:4      | Reached skill level 5 in Fighting
  2549 | D:4      | Reached skill level 5 in Armour
  2580 | D:4      | Identified a scroll of acquirement
  2580 | D:4      | Acquired 870 gold pieces
  2749 | D:4      | Reached skill level 5 in Shields
  2749 | D:4      | Reached XP level 7. HP: 44/44 MP: 7/7
  2758 | D:4      | Identified the +2 leather armour "Iriefruv" {rF+}
  2925 | D:4      | Noticed Robin
  3046 | D:4      | Killed Robin
  3089 | D:4      | Found a shimmering blue altar of Sif Muna.
  3548 | D:4      | Found a runed translucent door.
  3549 | D:4      | Noticed Crazy Yiuf
  3673 | D:4      | Noticed Natasha
  3681 | D:4      | Killed Natasha
  3798 | D:4      | Noticed Natasha
  3812 | D:4      | Killed Natasha
  3911 | D:4      | Killed Crazy Yiuf
  3966 | D:4      | Noticed Natasha
  3973 | D:4      | Killed Natasha
  3983 | D:4      | Found a shimmering blue altar of Sif Muna.
  4634 | D:5      | Entered Level 5 of the Dungeon
  4724 | D:5      | HP: 2/45 [orc priest/+0 dagger (1)]
  4730 | D:4      | Reached XP level 8. HP: 5/51 MP: 8/8
  5041 | D:5      | Reached skill level 5 in Maces & Flails
  5481 | D:5      | Noticed Dowan
  5481 | D:5      | Noticed Duvessa
  5533 | D:5      | Killed Dowan
  5555 | D:5      | Slain by Duvessa

Illustrated notes

Levels and vault maps discovered:
D:1:      dpeg_arrival_refuge, layout_loops_ring
D:2:      layout_basic, serial_shops, nicolae_shop_bloodbath_and_beyond,
          uniq_sigmund
D:3:      layout_loops_corners, mainiacjoe_overflow_six_doors_small,
          minmay_liquid_box, minmay_misc_feat_x
D:4:      layout_gridville, lemuel_tele_altar, kennysheep_orc_chapel,
          uniq_crazy_yiuf_cottage, uniq_natasha, uniq_robin, uniq_menkaure
D:5:      layout_loops_ring, serial_co_window_serial, co_window_paths_a,
          co_window_paths_a, co_window_of_opportunity_a,
          co_window_of_opportunity_a, co_window_cross_1, co_window_corner_b,
          co_window_paths_c, co_window_of_opportunity_b, co_window_cross_4,
          glass_columns_a, glass_columns_b, glass_columns_c, uniq_duvessa

Skill      XL: |  1  2  3  4  5  6  7  8 |
---------------+-------------------------+-----
Fighting       | 4 5 6 |  6.7
Maces & Flails | 3 4 5 |  5.6
Armour         | 4 5 6 |  6.7
Shields        | 4 5 6 |  6.7

Action                     |  1- 3 |  4- 6 |  7- 9 || total
---------------------------+-------+-------+-------++-------
  Melee: Flail             |    95 |    37 |       ||   132
         Morningstar       |       |    59 |   267 ||   326
  Throw: Dart              |       |       |     5 ||     5
    Use: Scroll            |       |    10 |     3 ||    13
 Armour: Scale mail        |    76 |    47 |       ||   123
         Leather armour    |       |       |   196 ||   196
  Dodge: Dodged            |    55 |    42 |   136 ||   233
  Block: Buckler           |    26 |    16 |       ||    42
         Kite shield       |       |     2 |   145 ||   147

Table legend: (Time is in decaauts)
 A = Elapsed time spent in this place.
 B = Non-inter-level travel time spent in this place.
 C = Inter-level travel time spent in this place.
 D = Time resting spent in this place.
 E = Time spent auto-exploring this place.
 F = Levels seen in this place.
 G = Mean time per level.
                   A        B        C        D        E       F      G
               +--------+--------+--------+--------+--------+-----+--------+
         Total |   5746 |   5588 |    158 |    783 |   3543 |   5 | 1149.2 |
       Dungeon |   5746 |   5588 |    158 |    783 |   3543 |   5 | 1149.2 |
               +--------+--------+--------+--------+--------+-----+--------+

Top non-repeatable levels by time:
     D:4: 2593 daAuts
     D:3: 981 daAuts
     D:5: 738 daAuts
     D:1: 734 daAuts
     D:2: 698 daAuts
